 Dungeon Crawl Stone Soup version 0.25-a0-860-gf695395b5c (webtiles) character file.

Game seed: 7869583828894979459, levelgen mode: deterministic

235 esteth the Skirmisher (level 5, -2/44 HPs)
             Began as a Demonspawn Chaos Knight on Apr 27, 2020.
             Was a Plaything of Xom.
             Slain by a red devil
             ... wielding a +0 trident
             ... summoned by Xom
              (13 damage)
             ... on level 3 of the Dungeon.
             The game lasted 00:06:10 (2345 turns).

esteth the Skirmisher (Demonspawn Chaos Knight)     Turns: 2345, Time: 00:06:10

Health: -2/44      AC: 17    Str: 12    XL:     5   Next: 76%
Magic:  5/5        EV:  8    Int: 13    God:    Xom [......]
Gold:   134        SH:  0    Dex: 10    Spells: 4/4 levels left

rFire    . . .     SeeInvis .   a - +0 hand axe (chaos)
rCold    + . .     Gourm    .   (no shield)
rNeg     . . .     Faith    .   t - +5 scale mail
rPois    .         Spirit   .   (no helmet)
rElec    .         Reflect  .   (no cloak)
rCorr    .         Harm     .   (no gloves)
MR       .....                  (no boots)
Stlth    ..........             (no amulet)
HPRegen  0.14/turn              j - +3 ring of protection
MPRegen  0.09/turn              u - ring of protection from cold

@: sanguine armour, lightly drained
A: talons 1, blurry vision 1, clumsy 1, deformed body, weak 1, subdued magic 1,
sanguine armour 1
a: Renounce Religion


You were on level 3 of the Dungeon.
You worshipped Xom.
You were a very special plaything of Xom.
You were not hungry.

You visited 1 branch of the dungeon, and saw 5 of its levels.

You collected 134 gold pieces.

Inventory:

Hand Weapons
 a - a +0 hand axe of chaos (weapon)
 h - a +0 short sword of speed
Armour
 b - a +2 leather armour
 t - a +5 scale mail (worn)
Magical Staves
 d - an uncursed staff of earth {unknown}
Jewellery
 j - a +3 ring of protection (left hand)
 u - a ring of protection from cold (right hand)
Scrolls
 e - 2 scrolls of identify
 g - 2 scrolls of remove curse
 m - a scroll of amnesia {unknown}
 q - a scroll of noise {unknown}
 r - a scroll of enchant weapon {unknown}
Potions
 f - 3 potions of invisibility {unknown}
 i - 2 potions of flight {unknown}
 n - a potion of heal wounds {unknown}
 o - a potion of magic {unknown}
 s - 2 potions of curing {unknown}
 v - a potion of mutation {unknown}
Comestibles
 c - 5 rations
 p - 2 chunks of flesh


   Skills:
 + Level 5.0(4.8) Fighting
 + Level 4.6(4.4) Axes
 - Level 1.7(1.5) Armour
 - Level 0.8(0.6) Dodging


You had 4 spell levels left.
You didn't know any spells.
Your spell library was empty.

Dungeon Overview and Level Annotations

Branches:
Dungeon (5/15)
 Temple: D:4-7

Altars:
Ru


Innate Abilities, Weirdness & Mutations

You have sharp toenails.
When seriously injured, your bleeding wounds create armour. (AC +6)
Scrolls take you a little longer to read.
You are clumsy. (Dex -2)
Armour fits poorly on your strangely shaped body.
You are weak. (Str -2)
Your spells are a little easier to cast, but a little less powerful.


Message History

Your jackal zombie is unaffected.
The chaos spawn is unaffected.
The red devil is unaffected.
The ufetubus is unaffected.
It was a scroll of fear.
Really read with blurry vision while enemies are nearby?
The red devil hits you with a +0 trident.
Your blood congeals into armour.
Your jackal zombie closely misses the red devil.
You begin reading the scroll.
You continue reading the scroll.
The red devil hits you but does no damage.
Your jackal zombie closely misses the red devil.
As you read the scroll labeled BUBOR WUGOPEOG, it crumbles to dust.
It is a scroll of enchant armour.
Your +4 scale mail glows green for a moment.
Really read with blurry vision while enemies are nearby?
The chaos spawn hits you! The chaos spawn shocks you!
* * * LOW HITPOINT WARNING * * *
You begin reading the scroll.
You continue reading the scroll.
Your jackal zombie completely misses the red devil.
The red devil hits you with a +0 trident!
You die...

### ###### ##########.. .....#
#.......##.#
.....#######.#####.##.# #######
...........#.#####.##.###........
##............Z4@45..............
#.....).....#####.##.###########
#..>............................
##........########....###########
..........# ###### #......
...##.....# #...... ...########
#...... ...# #...... ...# #......


You could see a chaos spawn, a red devil, an ufetubus and a friendly jackal
zombie.

Vanquished Creatures
  2 orc wizards (D:3)
  7 adders
  2 dart slugs
  A leopard gecko (D:3)
  8 orcs
  A ball python (D:2)
  8 bats
  4 giant cockroaches
  6 goblins
  10 hobgoblins
  19 jackals
  2 quokkas (D:3)
  7 frilled lizards
  10 kobolds
  8 rats
95 creatures vanquished.

Vanquished Creatures (collateral kills)
  A jackal (D:3)
1 creature vanquished.

Grand Total: 96 creatures vanquished

Notes
Turn   | Place    | Note
-------+----------+-------------------------------------------
     0 | D:1      | esteth the Demonspawn Chaos Knight began the quest for the
                  | Orb.
     0 | D:1      | Reached XP level 1. HP: 18/18 MP: 1/1
   207 | D:1      | Gained mutation: You have sharp toenails. [demonic
                  | ancestry]
   207 | D:1      | Reached XP level 2. HP: 16/24 MP: 2/2
   333 | D:1      | XOM: silly message
   839 | D:2      | Gained mutation: When seriously injured, your bleeding
                  | wounds create armour. (AC +6) [demonic ancestry]
   839 | D:2      | Reached XP level 3. HP: 29/29 MP: 3/3
   945 | D:2      | XOM: draining
  1004 | D:2      | XOM: 1-stop teleportation journey
  1006 | D:2      | Reached skill level 4 in Fighting
  1146 | D:2      | Reached XP level 4. HP: 31/37 MP: 4/4
  1199 | D:2      | XOM: 4-stop teleportation journey
  1255 | D:2      | XOM: 2-stop teleportation journey
  1340 | D:2      | XOM: noise
  1371 | D:2      | XOM: give mutations
  1371 | D:2      | Gained mutation: Scrolls take you a little longer to read.
                  | [Xom's mischief]
  1371 | D:2      | Gained mutation: Your spells are a little easier to cast,
                  | but a little less powerful. [Xom's mischief]
  1401 | D:2      | XOM: give mutations
  1401 | D:2      | Gained mutation: You are clumsy. (Dex -2) [Xom's mischief]
  1401 | D:2      | Gained mutation: You are weak. (Str -2) [Xom's mischief]
  1401 | D:2      | Gained mutation: Armour fits poorly on your strangely
                  | shaped body. [Xom's mischief]
  1775 | D:3      | XOM: repel stairs
  1907 | D:3      | XOM: chaos upgrade
  1968 | D:3      | You fall into a shaft and drop 2 floors!
  1968 | D:5      | Entered Level 5 of the Dungeon
  1978 | D:5      | Reached XP level 5. HP: 33/43 MP: 5/5
  2001 | D:5      | Noticed a necrophage
  2086 | D:3      | XOM: fog
  2094 | D:3      | Reached skill level 5 in Fighting
  2215 | D:3      | Found a sacrificial altar of Ru.
  2336 | D:3      | XOM: summons 3 hostile demons
  2337 | D:3      | Noticed a chaos spawn
  2337 | D:3      | Noticed a red devil
  2345 | D:3      | Slain by a red devil

Levels and vault maps discovered:
D:1:      psy_arrival_fountain, layout_basic
D:2:      minmay_general_purpose_star, layout_basic
D:3:      layout_basic, kennysheep_doodads, nicolae_ru_the_path_less_chosen
D:4:      layout_rooms, lemuel_crystal_altar, first_ration, uniq_grinder,
          uniq_sigmund
D:5:      layout_loops_ring, nicolae_overflow_crystal_walls, marbit_many_paths

Skill      XL: |  1  2  3  4  5 |
---------------+----------------+-----
Axes           | 3 4 |  4.6
Fighting       | 4 5 |  5.0
Armour         | |  1.7
Dodging        | |  0.8

Action                   |  1- 3 |  4- 6 || total
-------------------------+-------+-------++-------
Melee: Hand axe          |   126 |   114 ||   240
       Kick              |    21 |    24 ||    45
  Use: Scroll            |       |     5 ||     5
 Stab: Paralysed         |       |     1 ||     1
  Eat: Chunk             |     1 |     4 ||     5
Armor: Leather armour    |    52 |    38 ||    90
       Scale mail        |       |    22 ||    22
Dodge: Dodged            |    88 |    85 ||   173

Table legend:
 A = Non-vault XP
 B = Vault XP
 C = Vault XP percentage of total XP
 D = Non-vault monster count
 E = Vault monster count
 F = Vault count percentage of total count
                 A         B        C        D         E       F
            +---------+---------+-------+---------+---------+-------
      Total |     334 |       3 |   0.9 |      94 |       2 |   2.1
            +---------+---------+-------+---------+---------+-------
        D:1 |      39 |       0 |   0.0 |      23 |       0 |   0.0
        D:2 |     100 |       3 |   2.9 |      36 |       2 |   5.3
        D:3 |     176 |       0 |   0.0 |      32 |       0 |   0.0
        D:5 |      19 |       0 |   0.0 |       3 |       0 |   0.0
            +---------+---------+-------+---------+---------+-------
